 Dungeon Crawl Stone Soup version 0.21-a0-111-g52d2817 (webtiles) character file.

32690 Ijustatesigmund the Grappler (level 13, -1/133 HPs)
             Began as a Troll Monk on July 11, 2017.
             Was the Champion of Cheibriados.
             Slain by an eight-headed hydra (10 damage)
             ... on level 3 of the Lair of Beasts.
             The game lasted 00:40:50 (12116 turns).

Ijustatesigmund the Grappler (Troll Monk)          Turns: 12116, Time: 00:40:51

Health: -1/133     AC: 10    Str: 43    XL:     13   Next: 32%
Magic:  12/17      EV: 22    Int: 25    God:    Cheibriados [******]
Gold:   855        SH: 20    Dex: 37    Spells: 12/12 levels left

rFire    + + .     SeeInvis .   M - +1 flail (drain)
rCold    + + .     Gourm    +   m - +2 shield
rNeg     . . .     Faith    .   a - +4 robe of Augmentation {Str+4 Int+4 Dex+4}
rPois    .         Spirit   .   L - +1 hat "Astrigad" {rF+}
rElec    .         Reflect  +   B - scarf {rC+ rF+}
rCorr    .         Harm     .   (gloves unavailable)
MR       .....     Clarity  +   (boots unavailable)
Stlth    +++.......             u - +3 amulet of reflection
HPRegen  0.72/turn              z - ring of protection from cold
MPRegen  0.15/turn              t - +2 ring of evasion

@: very slow
A: unfitting armour, claws 3, agile 1, clarity, fast metabolism 3, gourmand,
regeneration 1, shaggy fur 1, strong 1, tough skin 2
a: Bend Time, Temporal Distortion, Slouch, Step From Time, Renounce Religion


You were on level 3 of the Lair of Beasts.
You worshipped Cheibriados.
Cheibriados was exalted by your worship.
You were completely stuffed.

You visited 3 branches of the dungeon, and saw 16 of its levels.
You also visited: Labyrinth.

You collected 1083 gold pieces.
You spent 228 gold pieces at shops.

Inventory:

Hand Weapons
 A - a +0 giant spiked club
 M - a +1 flail of draining (weapon)
 N - the +9 heavy crossbow "Sniper" {velocity, Acc+∞ SInv}
   (You found it in a labyrinth)

   Any bolt fired from it inflicts extra damage.
   It lets you see invisible.
Missiles
 j - a silver javelin (quivered)
 Q - 8 javelins
Armour
 a - the +4 robe of Augmentation (worn) {Str+4 Int+4 Dex+4}
   (You acquired it on level 11 of the Dungeon)

   It affects your strength (+4).
   It affects your intelligence (+4).
   It affects your dexterity (+4).
 m - a +2 shield (worn)
 B - a scarf of resistance (worn)
 L - the +1 hat "Astrigad" (worn) {rF+}
   (You acquired it on level 11 of the Dungeon)

   It protects you from fire.
Jewellery
 d - an uncursed amulet of faith {unknown}
 r - a +4 ring of dexterity
 t - a +2 ring of evasion (right claw)
 u - a +3 amulet of reflection (around neck)
 z - a ring of protection from cold (left claw)
 K - an uncursed ring of ice
 T - an uncursed ring of see invisible {unknown}
 U - an uncursed ring of protection from cold
 W - an uncursed ring of protection from magic {unknown}
Wands
 v - a wand of polymorph (13/24)
 x - a wand of acid (15/15)
 C - a wand of disintegration (8/24)
 G - a wand of lightning (8/15)
 I - a wand of flame (26/48)
 O - a wand of scattershot (3/9)
 R - a wand of flame (24/48)
Scrolls
 c - 3 scrolls of enchant weapon
 k - 6 scrolls of remove curse
 o - 2 scrolls of immolation
 q - 3 scrolls of amnesia
 s - 3 scrolls of blinking
 y - 4 scrolls of teleportation
 S - a scroll of fog
Potions
 e - a potion of flight
 h - 3 potions of cancellation
 i - a potion of brilliance
 n - 2 potions of lignification
 p - 6 potions of curing
 w - a potion of ambrosia
 D - 2 potions of agility
 E - a potion of invisibility
 H - 2 potions of magic
 V - a potion of might
Books
 l - a book of Conjurations

   Spells                             Type                      Level
   a - Magic Dart                     Conjuration                  1
   b - Searing Ray                    Conjuration                  2
   c - Dazzling Spray                 Conjuration/Hexes            3
   d - Fulminant Prism                Conjuration/Hexes            4
   e - Force Lance                    Conjuration/Translocation    4
   f - Iskenderun's Mystic Blast      Conjuration                  4
 F - a book of Cantrips

   Spells                             Type                      Level
   a - Confusing Touch                Hexes                        1
   b - Animate Skeleton               Necromancy                   1
   c - Summon Small Mammal            Summoning                    1
   d - Apportation                    Translocation                1
 J - the Collected Works on Combat Magic
   (You found it in a labyrinth)

   Spells                             Type                      Level
   a - Throw Frost                    Conjuration/Ice              2
   b - Dazzling Spray                 Conjuration/Hexes            3
   c - Force Lance                    Conjuration/Translocation    4
   d - Throw Icicle                   Conjuration/Ice              4
   e - Orb of Destruction             Conjuration                  7
Comestibles
 b - 11 bread rations
 f - 10 fruits
 g - 5 meat rations
 P - 6 royal jellies


   Skills:
 + Level 9.9 Fighting
 + Level 4.8 Maces & Flails
 - Level 9.1 Dodging
 - Level 1.0 Stealth
 - Level 7.1 Shields
 + Level 12.1 Unarmed Combat
 - Level 7.2 Invocations


You had 12 spell levels left.
You didn't know any spells.

Dungeon Overview and Level Annotations

Branches:
Dungeon (12/15)            Temple (1/1) D:7            Lair (3/6) D:8
  Swamp (0/4) Lair:3       Spider (0/4) Lair:3          Orc (0/2) D:10

Altars:
Ashenzari
Cheibriados
Dithmenos
Elyvilon
Fedhas
Gozag
Hepliaklqana
Kikubaaqudgha
Makhleb
Nemelex Xobeh
Okawaru
Qazlal
Ru
Sif Muna
Trog
Uskayaw
Vehumet
Wu Jian
Xom
Yredelemnul
Zin
The Shining One

Shops:
D:7 !   D:10 %

Portals:
Trove: D:11 (give 17 scrolls of teleportation)

Annotations:
D:9 exclusion: ice statue


Innate Abilities, Weirdness & Mutations

You are too large for most types of armour.
You have claws for hands.
Your metabolism is lightning-fast.
You like to eat raw meat.
Your natural rate of healing is unusually fast.
You are covered in fur. (AC +1)
You have very tough skin. (AC +2)
You are agile. (Dex +2)
You possess an exceptional clarity of mind.
Your muscles are strong. (Str +2)


Message History

The eight-headed hydra is heavily wounded.
You block the eight-headed hydra's attack.
The eight-headed hydra bites you.
* * * LOW HITPOINT WARNING * * *
The eight-headed hydra misses you.
You block the eight-headed hydra's attack.
The eight-headed hydra closely misses you. x2
The eight-headed hydra bites you.
* * * LOW HITPOINT WARNING * * *
The eight-headed hydra completely misses you.
You can feel time thicken for a moment.
You feel somewhat less full.
You block the eight-headed hydra's attack. x3
The eight-headed hydra completely misses you.
You block the eight-headed hydra's attack.
The eight-headed hydra bites you!
* * * LOW HITPOINT WARNING * * *
The eight-headed hydra bites you.
* * * LOW HITPOINT WARNING * * *
The eight-headed hydra bites you!
You die...

#...................
. #............ .≈.
#................
...
#................
.≈.
#................
#.#..#....#......
#...###.#.#P.....
#.##......#...... #.
#....@D(#..... #
#.............
##..≈.†P#.....
#.≈≈≈♣..# ..(.
♣≈§≈S§♣♣♣ ..
♣≈§§§§≈≈ ≈≈≈§§§§≈≈≈
.≈≈≈§§§§≈≈♣.
...♣≈≈≈§≈≈≈


You could see an eight-headed hydra and a black mamba.

Vanquished Creatures
  A minotaur (Lab)
  Erolcha (D:9)
  The ghost of Gorglomux the Severer, a journeyman HOAr of Trog (D:12)
  2 hydras (Lair:1)
  4 two-headed ogres
  Urug (D:10)
  3 deep elf magi
  Pikel (D:7)
  2 manticores
  An ugly thing (D:12)
  An elephant (Lair:3)
  A black mamba (Lair:1)
  Maurice (D:8)
  5 spiny frogs
  4 komodo dragons
  2 trolls
  A jumping spider (Lair:3)
  A queen bee (Lair:3)
  Grinder (D:6)
  2 slime creatures (D:11)
  6 hippogriffs
  6 blink frogs
  A spriggan (D:8)
  A shadow (D:11)
  21 yaks
  4 wyverns
  A wraith (D:12)
  Grum (D:8)
  A basilisk (Lair:3)
  A hungry ghost (D:12)
  6 vampire mosquitoes (D:12)
  A steam dragon (D:11)
  10 water moccasins
  8 porcupines
  2 hell hounds (D:8)
  2 phantoms (D:6)
  5 ice beasts
  8 orc warriors
  10 wolves
  6 ogres
  6 centaurs
  12 crocodiles
  2 big kobolds
  12 bullfrogs
  7 scorpions
  24 killer bees (Lair:3)
  7 wights
  An electric eel (Lair:3)
  A bullfrog zombie (D:9)
  3 crimson imps
  4 hounds
  2 centaur zombies
  24 orc wizards
  3 bullfrog skeletons
  A jelly (D:8)
  9 orc priests
  A centaur skeleton (D:10)
  A gnoll shaman (D:6)
  A hell rat (Lair:3)
  2 iguanas
  4 worker ants
  9 adders
  9 gnolls
  A shadow imp (D:10)
  12 white imps (Lair:1)
  An adder zombie (D:5)
  An adder skeleton (D:4)
  3 worms
  8 leopard geckos
  57 orcs
  A giant cockroach (D:4)
  12 goblins
  4 hobgoblins
  18 jackals
  13 kobolds
  6 quokkas
  A ball python skeleton (D:4)
  5 bats
  5 frilled lizards
  A leopard gecko skeleton (D:4)
  A leopard gecko zombie (D:5)
  A quokka skeleton (D:4)
  A quokka zombie (D:5)
  5 rats
439 creatures vanquished.

Vanquished Creatures (others)
  A slave (D:8)
  A human (D:2)
  A killer bee (Lair:3)
  A centaur skeleton (D:8)
  A hound (D:8)
  2 jackals (D:8)
  A quokka skeleton (D:8)
  2 fungi (Lair:1)
10 creatures vanquished.

Grand Total: 449 creatures vanquished

Notes
Turn   | Place    | Note
-------+----------+-------------------------------------------
     0 | D:1      | Ijustatesigmund the Troll Monk began the quest for the Orb.
     0 | D:1      | Reached XP level 1. HP: 22/22 MP: 0/0
   164 | D:1      | Reached XP level 2. HP: 27/29 MP: 1/1
   355 | D:1      | Reached skill level 4 in Unarmed Combat
   806 | D:2      | Reached XP level 3. HP: 36/36 MP: 2/2
   835 | D:2      | Found a basalt altar of Yredelemnul.
  1032 | D:2      | Found an ancient bone altar of Kikubaaqudgha.
  1045 | D:2      | Noticed a human
  1046 | D:2      | Killed a human
  1362 | D:3      | Reached XP level 4. HP: 36/44 MP: 3/3
  1364 | D:3      | Reached skill level 5 in Unarmed Combat
  1371 | D:3      | Reached XP level 5. HP: 47/53 MP: 4/4
  1437 | D:3      | Gained mutation: Your muscles are strong. (Str +2) [potion of mutation]
  1437 | D:3      | Gained mutation: You possess an exceptional clarity of mind. [potion of mutation]
  1437 | D:3      | Gained mutation: You are agile. (Dex +2) [potion of mutation]
  1464 | D:3      | Reached skill level 1 in Shields
  2160 | D:4      | Noticed an ogre
  2167 | D:4      | Killed an ogre
  2167 | D:4      | Reached XP level 6. HP: 51/61 MP: 5/5
  2728 | D:4      | Reached XP level 7. HP: 67/67 MP: 6/6
  2760 | D:4      | Reached skill level 5 in Shields
  2994 | D:5      | Entered Level 5 of the Dungeon
  3832 | D:6      | Reached XP level 8. HP: 61/75 MP: 7/7
  4350 | D:6      | Noticed a deep elf mage
  4360 | D:6      | Killed a deep elf mage
  4360 | D:6      | Reached skill level 6 in Unarmed Combat
  4472 | D:6      | Reached XP level 9. HP: 68/87 MP: 8/8
  4483 | D:6      | Reached skill level 5 in Fighting
  4483 | D:6      | Reached skill level 7 in Unarmed Combat
  4675 | D:6      | Noticed Grinder
  4692 | D:6      | Killed Grinder
  5164 | D:7      | Found Sidaupoc's Distillery.
  5178 | D:7      | Bought a potion of heal wounds for 60 gold pieces
  5178 | D:7      | Bought a potion of curing for 36 gold pieces
  5178 | D:7      | Bought 2 potions of curing for 72 gold pieces
  5178 | D:7      | Bought a potion of heal wounds for 60 gold pieces
  5242 | D:7      | Found a staircase to the Ecumenical Temple.
  5275 | Temple   | Entered the Ecumenical Temple
  5616 | D:7      | Found a stormy altar of Qazlal.
  5616 | D:7      | Found an iron altar of Okawaru.
  5616 | D:7      | Found a snail-covered altar of Cheibriados.
  5617 | D:7      | Found a radiant altar of Vehumet.
  5617 | D:7      | Found a shimmering altar of Xom.
  5618 | D:7      | Found a glowing silver altar of Zin.
  5619 | D:7      | Found an opulent altar of Gozag.
  5627 | D:7      | Became a worshipper of Cheibriados the Contemplative
  5627 | D:7      | Reached * piety under Cheibriados
  5627 | D:7      | Reached ** piety under Cheibriados
  5818 | D:7      | Reached skill level 8 in Unarmed Combat
  5850 | D:7      | Reached skill level 1 in Invocations
  5986 | D:8      | Found a sacrificial altar of Ru.
  6044 | D:8      | Noticed Grum
  6046 | D:8      | Noticed Pikel
  6168 | D:7      | Killed Pikel
  6186 | D:8      | Killed Grum
  6218 | D:8      | Found a staircase to the Lair.
  6221 | D:8      | Noticed a troll
  6226 | D:8      | Reached XP level 10. HP: 67/100 MP: 11/11
  6359 | D:8      | Reached skill level 9 in Unarmed Combat
  6393 | D:8      | Noticed a two-headed ogre
  6403 | D:8      | Killed a two-headed ogre
  6449 | D:8      | Noticed Maurice
  6478 | D:8      | Reached *** piety under Cheibriados
  6495 | D:8      | Killed Maurice
  6965 | D:9      | Noticed Erolcha
  6973 | D:9      | Killed Erolcha
  6973 | D:9      | Reached skill level 5 in Invocations
  6975 | D:9      | Reached skill level 10 in Unarmed Combat
  6987 | D:9      | Noticed an ice statue
  7233 | D:10     | Entered Level 10 of the Dungeon
  7239 | D:10     | Found Ruzor's Food Shop.
  7271 | D:10     | Reached **** piety under Cheibriados
  7399 | D:10     | Noticed Urug
  7413 | D:10     | Killed Urug
  7413 | D:10     | Reached XP level 11. HP: 78/111 MP: 14/14
  7547 | D:10     | Noticed a two-headed ogre
  7561 | D:10     | Killed a two-headed ogre
  7637 | D:10     | Noticed a two-headed ogre
  7641 | D:10     | Killed a two-headed ogre
  7756 | D:10     | Reached ***** piety under Cheibriados
  7864 | D:10     | Found a staircase to the Orcish Mines.
  8109 | D:11     | Reached skill level 11 in Unarmed Combat
  8366 | D:11     | Found a portal to a secret trove of treasure.
  8518 | D:11     | Identified 2 scrolls of acquirement
  8521 | D:11     | Got a spiked hat
  8527 | D:11     | Identified the +1 hat "Astrigad" {rF+} (You acquired it on level 11 of the Dungeon)
  8649 | D:12     | Noticed a two-headed ogre
  8656 | D:12     | Killed a two-headed ogre
  8840 | D:12     | Reached skill level 5 in Dodging
  8918 | D:12     | Noticed a white ugly thing
  9104 | D:12     | Reached XP level 12. HP: 112/122 MP: 16/16
  9201 | D:12     | Noticed Gorglomux's ghost (journeyman HOAr)
  9217 | D:12     | Killed Gorglomux's ghost
  9225 | D:12     | Reached ****** piety under Cheibriados
  9237 | D:12     | Noticed an eight-headed hydra
  9365 | Lair:1   | Entered Level 1 of the Lair of Beasts
  9365 | Lair:1   | Found a labyrinth entrance.
  9374 | Lab      | Entered a labyrinth
  9695 | Lab      | Noticed a minotaur
  9706 | Lab      | Killed a minotaur
  9720 | Lab      | Identified the Collected Works on Combat Magic
  9885 | Lair:1   | Noticed an eight-headed hydra
  9892 | Lair:1   | Killed an eight-headed hydra
  9971 | Lair:1   | Noticed a five-headed hydra
  9975 | Lair:1   | Killed a five-headed hydra
 10255 | Lair:1   | Reached skill level 1 in Maces & Flails
 11245 | Lair:2   | Reached XP level 13. HP: 131/131 MP: 17/17
 11865 | Lair:3   | Reached skill level 12 in Unarmed Combat
 11995 | Lair:3   | Found a hole to the Spider Nest.
 12093 | Lair:3   | Found a staircase to the Swamp.
 12116 | Lair:3   | Slain by an eight-headed hydra

Vault maps used:
D:1:      dpeg_arrival_fog
D:2:      lemuel_doored_altar, first_bread, tgw_kikubaaqudgha
D:3:      grunt_ministairs_1
D:4:      minmay_bent
D:5:      minmay_misc_feat_square
D:6:      guppyfry_early_elven_hall, uniq_grinder
D:7:      grunt_temple_overflow_open, minmay_temple_entry_glass, serial_shops,
          shop
D:8:      minmay_lair_entry_lava, the_bakery, minivault_5,
          nicolae_ru_awakened_eye, uniq_grum, uniq_maurice, uniq_pikel
D:9:      cheibrodos_frozen_isle, uniq_erolcha
D:10:     david_orc_4, serial_shops, nicolae_shop_statue_plus, uniq_urug
D:11:     nicolae_trove_entry_columns, minivault_27
D:12:     grunt_decor_fettered
Temple:   eino_temple_water
Lair:1:   portal_ice_cave_entry_imps, lab_entry_generic, grunt_megastairs_2
Lair:2:   beast_lair_carwin_6
Lair:3:   regret_index_tunnel_blossom, swamp_mist_pool,
          spider_nest_entry_rubble, serial_bayou_shore_a
Lab:      labyrinth_mini_lab, labyrinth_skeletal_remains

Skill      XL: |  1  2  3  4  5  6  7  8  9 10 11 12 13 |
---------------+----------------------------------------+-----
Unarmed Combat | 4 5 6 8 10 11 12 | 12.1
Fighting       | 3 4 6 7 8 9 |  9.9
Shields        | 2 4 6 7 |  7.1
Invocations    | 3 5 7 |  7.2
Dodging        | 5 9 |  9.1
Maces & Flails | 3 4 |  4.8
Stealth        | |  1.0

Action                   |  1- 3 |  4- 6 |  7- 9 | 10-12 | 13-15 || total
-------------------------+-------+-------+-------+-------+-------++-------
Melee: Unarmed           |    90 |   110 |   377 |   555 |   142 ||  1274
       Punch             |     3 |       |       |       |       ||     3
       Flail             |       |       |       |     8 |     4 ||    12
Throw: Javelin           |       |       |       |    10 |     2 ||    12
Invok: Slouch            |       |       |       |       |     2 ||     2
Evoke: Wand              |       |       |       |     1 |       ||     1
  Use: Scroll            |     1 |     7 |     6 |    17 |       ||    31
       Potion            |       |     1 |     4 |     1 |     1 ||     7
 Stab: Sleeping          |     4 |     4 |     2 |    10 |     3 ||    23
       Distracted        |       |       |       |     4 |     1 ||     5
  Eat: Chunk             |    14 |    14 |    21 |    43 |     7 ||    99
       Royal jelly       |       |       |     2 |     1 |       ||     3
       Fruit             |       |       |       |     2 |       ||     2
Armor: Robe              |    29 |    30 |    45 |    64 |    31 ||   199
Dodge: Dodged            |    42 |    20 |   109 |   238 |   102 ||   511
Block: Shield            |       |    30 |   194 |   508 |   157 ||   889
       Reflection        |       |       |       |    19 |       ||    19
